 Dungeon Crawl Stone Soup version 0.24-a0-194-g9bee6eb (webtiles) character file.

Game seed: 935750810169783815

21 Ijustatesigmund the Magician (level 2, 0/19 HPs)
             Began as an Octopode Wizard on Mar 18, 2019.
             Slain by a quokka (2 damage)
             ... on level 2 of the Dungeon.
             The game lasted 00:02:18 (921 turns).

Ijustatesigmund the Magician (Octopode Wizard)       Turns: 921, Time: 00:02:19

Health: 0/19       AC:  1    Str:  6    XL:     2   Next: 87%
Magic:  6/6        EV: 10    Int: 20    God:
Gold:   26         SH:  3    Dex: 10    Spells: 4/7 levels left

rFire    . . .     SeeInvis .   b - +1 short sword
rCold    . . .     Gourm    .   d - -2 shield (curse)
rNeg     . . .     Faith    .   a - +0 hat
rPois    .         Spirit   .   (no amulet)
rElec    .         Reflect  .   (no ring)
rCorr    .         Harm     .   (no ring)
MR       .....                  (no ring)
Stlth    +++.......             (no ring)
HPRegen  0.06/turn              (no ring)
MPRegen  0.10/turn              (no ring)
                                (no ring)
                                (no ring)

@: no status effects
A: almost no armour, stealthy swim, amphibious, 8 rings, constrict 8, camouflage
1, gelatinous body 1
a: no special abilities


You were on level 2 of the Dungeon.
You were not hungry.

You visited 1 branch of the dungeon, and saw 2 of its levels.

You collected 26 gold pieces.

Inventory:

Hand Weapons
 b - a +1 short sword (weapon)
Missiles
 f - 12 tomahawks (quivered)
Armour
 a - a +0 hat (worn)
 d - a cursed -2 shield (worn)
Jewellery
 e - an uncursed ring of magical power {unknown}
Comestibles
 c - 4 rations
 g - 2 chunks of flesh


   Skills:
 - Level 1.8 Fighting
 - Level 2.0 Dodging
 - Level 2.6 Stealth
 - Level 3.0 Spellcasting
 + Level 1.3 Conjurations
   Level 1.0 Summonings
 + Level 1.3 Translocations


You had 4 spell levels left.
You knew the following spells:

 Your Spells              Type           Power        Failure   Level  Hunger
a - Magic Dart            Conj           #...         50%         1    None
b - Blink                 Tloc           N/A          65%         2    ##.....

Your spell library contained the following spells:

 Spells                   Type           Power        Failure   Level  Hunger
 Call Imp                 Summ           #.......     69%         2    ##.....
 Slow                     Hex            #.......     83%         2    ##.....
 Conjure Flame            Conj/Fire      #.......     92%         3    ###....
 Mephitic Cloud           Conj/Pois/Air  #.......     94%         3    ###....


Dungeon Overview and Level Annotations

Branches:
Dungeon (2/15)

Altars:


Innate Abilities, Weirdness & Mutations

You cannot wear most types of armour.
You are very stealthy in the water. (Stealth+)
You are amphibious.
You can wear up to eight rings at the same time.
You can use your tentacles to constrict eight enemies at once.
Your skin changes colour to match your surroundings (Stealth+).
Your rubbery body absorbs attacks. (AC +1, EV +1)


Message History

Unknown command.
You aren't carrying any potions.
You barely miss the kobold.
The ball python hisses angrily.
Your grab misses the kobold. The kobold completely misses you.
You closely miss the kobold. You grab the kobold.
You constrict the kobold, but do no damage.
The kobold barely misses you.
You hit the kobold.
The kobold is moderately wounded.
You constrict the kobold. The kobold barely misses you.
You hit the kobold.
You kill the kobold!
The quokka bites you.
* * * LOW HITPOINT WARNING * * *
You barely miss the quokka. Your grab misses the quokka.
Your squeeze misses the quokka. The quokka bites you.
* * * LOW HITPOINT WARNING * * *
The quokka bites you.
You die...

#...............
#..............#
+............... #......
.......# #......
...##.####### #......
##.##........
#.....S###..(......######
......Sr@)...............
.......##..........## #..
....... #..........# #.#
....... #..........# #.#
....... #..........####.#
#####.# #.###......)....#
#. #.# #.########... ##
#.# #.# #>#. ###.######
#.#.


You could see an adder, a quokka and a ball python.

Vanquished Creatures
  An ooze (D:1)
  2 worms (D:2)
  A bat (D:1)
  A goblin (D:2)
  3 hobgoblins
  2 frilled lizards (D:1)
  A kobold (D:2)
  A rat (D:1)
12 creatures vanquished.

Notes
Turn   | Place    | Note
-------+----------+-------------------------------------------
     0 | D:1      | Ijustatesigmund the Octopode Wizard began the quest for the
                  | Orb.
     0 | D:1      | Reached XP level 1. HP: 11/11 MP: 4/4
   160 | D:1      | Reached skill level 1 in Fighting
   160 | D:1      | Reached XP level 2. HP: 7/18 MP: 0/6
   709 | D:1      | Learned a level 2 spell: Blink
   921 | D:2      | Slain by a quokka

Levels and vault maps discovered:
D:1:      nzn_arrival_depleted_hourglass, layout_rooms, patterned_corridor
D:2:      layout_basic, first_ration, minmay_tetromino_l4

Skill      XL: |  1 |
---------------+----+-----
Fighting       | 1 |  1.8
Dodging        | |  2.0
Stealth        | |  2.6
Spellcasting   | |  3.0
Conjurations   | |  1.3
Summonings     | |  1.0
Translocations | |  1.3

Action                   || total
-------------------------++-------
Melee: Short sword       ||    20
       Constrict         ||     6
       Tentacles         ||     3
 Cast: Magic Dart        ||    13
  Use: Scroll            ||     3
Dodge: Dodged            ||     9
Block: Shield            ||     1

Table legend:
 A = Non-vault XP
 B = Vault XP
 C = Vault XP percentage of total XP
 D = Non-vault monster count
 E = Vault monster count
 F = Vault count percentage of total count
                 A         B        C        D         E       F
            +---------+---------+-------+---------+---------+-------
      Total |      31 |       0 |   0.0 |      12 |       0 |   0.0
            +---------+---------+-------+---------+---------+-------
        D:1 |      16 |       0 |   0.0 |       7 |       0 |   0.0
        D:2 |      15 |       0 |   0.0 |       5 |       0 |   0.0
            +---------+---------+-------+---------+---------+-------
